 Dungeon Crawl Stone Soup version 0.32-a0-329-ge6c31236d6 (webtiles) character file.

Game seed: 8901834834280316953

2246 juan097 the Cudgeller (level 9, 0/74 HPs)
             Began as a Mountain Dwarf Cinder Acolyte on Feb 16, 2024.
             Was a High Priest of Ignis.
             Slain by a gnoll sergeant
             ... wielding a +0 trident
              (5 damage)
             ... on level 6 of the Dungeon.
             The game lasted 00:23:47 (8245 turns).

juan097 the Cudgeller (MDCA)                        Turns: 8245, Time: 00:23:47

Health: 0/74       AC: 15    Str: 21    XL:     9   Next: 15%
Magic:  0/14       EV: 15    Int: 15    God:    Ignis [*****.]
Gold:   163        SH:  0    Dex: 11    Spells: 7/15 levels left

rFire   + . .        a - +1 whip (flame)
rCold   . . .        b - orb {light}
rNeg    . . .        v - +2 ring mail of the Slightly Bent {rPois}
rPois   +            (no helmet)
rElec   .            (no cloak)
rCorr   .            (no gloves)
SInv    .            (no boots)
Will    .....        (no amulet)
Stlth   +            i - +6 ring of dexterity
HPRegen 0.32/turn    n - +5 ring of evasion
MPRegen 0.14/turn

%: no passive effects
@: fiery-armoured, glowing
A: runic magic, artefact enchanting
a: Renounce Religion, Fiery Armour, Foxfire Swarm, Rising Flame


You were on level 6 of the Dungeon.
You worshipped Ignis.
Ignis was extremely pleased with you.
You visited 1 branch of the dungeon, and saw 6 of its levels.

You collected 254 gold pieces.
You spent 91 gold pieces at shops.

Inventory:

Hand Weapons
 a - a +1 whip of flaming (weapon)
 e - a -1 mace of flaming
 p - a +2 trident of freezing
 w - a +2 spear of venom
Missiles
 x - 3 curare-tipped darts
 y - 6 poisoned darts
Armour
 b - an orb of light (worn)
 v - the +2 ring mail of the Slightly Bent (worn) {rPois}
   (You found it on level 5 of the Dungeon)

   rPois:     It protects you from poison
Magical Staves
 k - a staff of alchemy
 z - a staff of cold
Jewellery
 i - a +6 ring of dexterity (left hand)
 n - a +5 ring of evasion (right hand)
 B - a +4 ring of protection
Scrolls
 f - 5 scrolls of identify {unknown}
 g - 7 scrolls of teleportation
 l - 3 scrolls of enchant armour {unknown}
 m - 2 scrolls of poison {unknown}
 o - a scroll of enchant weapon {unknown}
 r - a scroll of fog {unknown}
 s - 2 scrolls of immolation
 u - a scroll of fear {unknown}
 A - a scroll of noise {unknown}
Potions
 c - 2 potions of curing
 d - a potion of attraction {unknown}
 h - 2 potions of might {unknown}
 j - 3 potions of mutation {unknown}
 q - a potion of degeneration {unknown}
 t - a potion of haste {unknown}


   Skills:
 - Level 5.0 Fighting
 + Level 7.6 Maces & Flails
 - Level 5.0 Armour
 - Level 4.0 Stealth
 + Level 3.8 Spellcasting
 - Level 3.0 Hexes
 - Level 7.0 Fire Magic


You had 7 spell levels left.
You knew the following spells:

 Your Spells              Type           Power      Damage    Failure   Level
a - Scorch                Fire           46%        2d6       1%          2
b - Apportation           Tloc           4%         N/A       21%         1
c - Magic Dart            Conj           8%         1d3       21%         1
d - Jinxbite              Hex            22%        N/A       9%          2
e - Blink                 Tloc           4%         N/A       30%         2

Your spell library contained the following spells:

 Spells                   Type           Power      Damage    Failure   Level
 Call Imp                 Summ           4%         N/A       30%         2
 Lesser Beckoning         Tloc           4%         N/A       30%         2
 Momentum Strike          Conj/Tloc      4%         3d8       30%         2
 Searing Ray              Conj           4%         2d4       30%         2
 Fulminant Prism          Conj/Alch      1%         3d5       90%         4
 Alistair's Intoxication  Alch           1%         N/A       99%         5


Dungeon Overview and Level Annotations

Branches:
Dungeon (6/15)
 Temple: D:4-7

Altars:
Cheibriados
Elyvilon
Fedhas
Gozag
Hepliaklqana
Qazlal
Uskayaw

Shops:
D:4 ?   D:6 :

Annotations:
D:3 3 runed translucent doors, DeathSocks's ghost, amateur MDGl; Livid's ghost, amateur FoFi
D:4 exclusion: oklob plant


Innate Abilities, Weirdness & Mutations

Your spellcasting is much less encumbered by armour.
You can use scrolls of enchantment on lesser artefacts.


Message History

The gnoll sergeant hits you with a +0 trident!
* * * LOW HITPOINT WARNING * * *
A protective cloak of flame settles atop you.
You feel sick. The gnoll sergeant misses you.
The kobold brigand closely misses you.
It was a potion of curing.
You feel better.
The gnoll sergeant hits you but does no damage.
The gnoll sergeant is burned by your cloak of flames.
The gnoll sergeant is moderately wounded.
The kobold brigand hits you with a +0 dagger.
* * * LOW HITPOINT WARNING * * *
The kobold brigand is burned by your cloak of flames.
You kill the kobold brigand!
The kobold throws a stone.
The stone hits you but does no damage.
Okay, then.
You are too injured to fight recklessly!
Okay, then.
You hit the gnoll sergeant. You burn the gnoll sergeant.
The gnoll sergeant is moderately wounded.
The gnoll sergeant closely misses you.
You are too injured to fight recklessly!
Casting: Scorch (safe; 1% risk of failure)
Confirm with . or Enter, or press ? or * to list all spells.
Flames lash the gnoll sergeant.
The gnoll sergeant is severely wounded.
The gnoll sergeant's fire resistance burns away.
The gnoll sergeant hits you with a +0 trident!
* * * LOW HITPOINT WARNING * * *
The kobold barely misses you.
Casting: Scorch (safe; 1% risk of failure)
Confirm with . or Enter, or press ? or * to list all spells.
Flames lash the gnoll sergeant but do no damage.
The gnoll sergeant barely misses you. The kobold closely misses you.
You hit the gnoll sergeant but do no damage.
The gnoll sergeant is severely wounded.
You hit the gnoll sergeant but do no damage.
The gnoll sergeant is severely wounded.
The gnoll sergeant hits you with a +0 trident.
You die...
Ignis goes out, and joins you in death.

#.# ##.##.#K# #.#
####.#.##########
#.# #.#K##........
##.#######.#.##.##
#..........#.#K..##
##.#########..#.#.#
### #....#.#
##.###.# ##g@K##
#####


You could see a gnoll sergeant (combustible) and a kobold.

Vanquished Creatures
  Pikel (D:5)
  A water moccasin (D:5)
  A black bear (D:6)
  2 phantoms
  4 lemures (D:5)
  4 kobold brigands (D:6)
  2 gnoll sergeants
  2 scorpions (D:5)
  4 bombardier beetles
  4 orc priests
  4 iguanas
  3 orc wizards
  A hound skeleton (D:3)
  18 gnolls
  9 adders
  4 ufetubi
  A dart slug (D:5)
  4 ribbon worms
  14 orcs
  6 ball pythons
  8 endoplasms
  6 giant cockroaches
  4 goblins
  3 hobgoblins
  33 kobolds
  6 quokkas
  A ball python zombie (D:3)
  3 bats
  3 frilled lizards
  5 rats
161 creatures vanquished.

Vanquished Creatures (others)
  A butterfly (D:6)
1 creature vanquished.

Grand Total: 162 creatures vanquished

Notes
Turn   | Place    | Note
-------+----------+-------------------------------------------
     0 | D:1      | juan097 the Mountain Dwarf Cinder Acolyte began the quest
                  | for the Orb.
     0 | D:1      | Reached XP level 1. HP: 19/19 MP: 2/2
   144 | D:1      | Reached XP level 2. HP: 25/26 MP: 3/3
   148 | D:1      | Learned a level 2 spell: Scorch
   322 | D:1      | You fall into a shaft and drop 1 floor!
   435 | D:2      | Found a faded altar of an unknown god.
   570 | D:2      | Reached XP level 3. HP: 31/31 MP: 2/5
   839 | D:1      | Reached skill level 1 in Stealth
  1731 | D:2      | Reached XP level 4. HP: 38/38 MP: 4/7
  2000 | D:3      | Reached skill level 5 in Fire Magic
  2435 | D:3      | Found a runed translucent gate.
  2435 | D:3      | Found a runed translucent gate.
  2435 | D:3      | Found a runed translucent gate.
  2436 | D:3      | Noticed Livid's ghost (amateur FoFi)
  2437 | D:3      | Noticed DeathSocks's ghost (amateur MDGl)
  2546 | D:3      | Reached XP level 5. HP: 45/45 MP: 5/8
  2705 | D:3      | Learned a level 1 spell: Apportation
  2707 | D:3      | Learned a level 1 spell: Magic Dart
  2710 | D:3      | Learned a level 2 spell: Jinxbite
  2978 | D:4      | Found The Oracle's Delphic Readings.
  2986 | D:4      | Bought a scroll of teleportation for 39 gold pieces
  2986 | D:4      | Bought a scroll of immolation for 52 gold pieces
  3594 | D:4      | Learned a level 2 spell: Blink
  3726 | D:4      | Reached XP level 6. HP: 46/51 MP: 0/9
  4120 | D:4      | Found a stormy altar of Qazlal.
  4338 | D:4      | Found a blossoming altar of Fedhas.
  4355 | D:4      | Noticed an oklob plant
  4554 | D:5      | Entered Level 5 of the Dungeon
  4734 | D:5      | Noticed a water moccasin
  4738 | D:5      | Killed a water moccasin
  4817 | D:5      | Reached skill level 1 in Armour
  4819 | D:5      | Reached XP level 7. HP: 56/57 MP: 4/10
  4874 | D:5      | Found a snail-covered altar of Cheibriados.
  4875 | D:5      | Found a hide-covered altar of Uskayaw.
  4942 | D:5      | Identified the +2 ring mail of the Slightly Bent {rPois}
  4973 | D:5      | Noticed Pikel
  5118 | D:5      | Reached skill level 1 in Hexes
  5682 | D:5      | Killed Pikel
  5683 | D:5      | Reached skill level 5 in Fighting
  5683 | D:5      | Reached XP level 8. HP: 49/68 MP: 2/11
  6024 | D:5      | Found a hazy altar of Hepliaklqana.
  6084 | D:5      | Found an opulent altar of Gozag.
  6952 | D:6      | Found Xineaz's Book Shoppe.
  7136 | D:6      | Found a white marble altar of Elyvilon.
  7699 | D:6      | Reached XP level 9. HP: 70/74 MP: 1/14
  8037 | D:6      | Reached skill level 5 in Armour
  8245 | D:6      | Slain by a gnoll sergeant

Illustrated notes

Levels and vault maps discovered:
D:1:      mrwooster_arrival_statue, layout_basic
D:2:      layout_basic, shapermc_ecumenical_altar_mp_urbaneastern
D:3:      layout_rooms, gammafunk_ghost_cemetery, serial_undead,
          serial_undead_b, serial_undead_f, serial_undead_b, serial_undead_f,
          minmay_misc_feat_encased
D:4:      layout_loops_ring, mainiacjoe_overflow_surrounded_room, tgw_fedhas,
          nicolae_nh_oracle_at_delphi
D:5:      nicolae_BIG_FREAKIN_CUBE, layout_basic,
          mainiacjoe_overflow_catwalk_spiral, mainiacjoe_overflow_divided_tiny,
          serial_corexii_hall, corexii_hall_statues_t, corexii_hall_statues_i,
          uniq_pikel
D:6:      layout_loops_ring, nicolae_elyvilon_peaceful_grove, serial_shops, shop

Skill      XL: |  1  2  3  4  5  6  7  8  9 |
---------------+----------------------------+-----
Fire Magic     | 4 5 6 7 |  7.0
Maces & Flails | 4 6 7 |  7.6
Stealth        | 1 3 4 |  4.0
Spellcasting   | 2 3 |  3.8
Armour         | 1 3 4 5 |  5.0
Hexes          | 2 3 |  3.0
Fighting       | 5 |  5.0

Action                     |  1- 3 |  4- 6 |  7- 9 || total
---------------------------+-------+-------+-------++-------
  Melee: Mace              |    49 |    70 |    61 ||   180
         Whip              |       |       |    91 ||    91
         Spear             |       |       |     4 ||     4
   Cast: Scorch            |    23 |    67 |   110 ||   200
 Invoke: Fiery Armour      |       |       |     1 ||     1
    Use: Potion            |       |       |     1 ||     1
   Stab: Sleeping          |       |     2 |     1 ||     3
 Armour: Robe              |    17 |       |       ||    17
         Ring mail         |    20 |    42 |   109 ||   171
  Dodge: Dodged            |    33 |    71 |   136 ||   240

Table legend: (Time is in decaauts)
 A = Elapsed time spent in this place.
 B = Non-inter-level travel time spent in this place.
 C = Inter-level travel time spent in this place.
 D = Time resting spent in this place.
 E = Time spent auto-exploring this place.
 F = Levels seen in this place.
 G = Mean time per level.
                   A        B        C        D        E       F      G
               +--------+--------+--------+--------+--------+-----+--------+
         Total |   8285 |   8099 |    186 |    215 |   6436 |   6 | 1380.8 |
       Dungeon |   8285 |   8099 |    186 |    215 |   6436 |   6 | 1380.8 |
               +--------+--------+--------+--------+--------+-----+--------+

Top non-repeatable levels by time:
     D:5: 2593 daAuts
     D:4: 1509 daAuts
     D:3: 1156 daAuts
     D:1: 1109 daAuts
     D:6: 1108 daAuts
     D:2: 808 daAuts
